 Dungeon Crawl Stone Soup version 0.27.1-33-g824d729ab1 (webtiles) character file.

Game seed: 13407212163018128476

203 zeram the Shield-Bearer (level 5, -4/33 HPs)
             Began as a Gargoyle Fighter on Dec 31, 2021.
             Slain by an orc priest (7 damage)
             ... on level 3 of the Dungeon.
             The game lasted 00:03:46 (2239 turns).

zeram the Shield-Bearer (Gargoyle Fighter)          Turns: 2239, Time: 00:03:46

Health: -4/33      AC: 12    Str: 21    XL:     5   Next: 81%
Magic:  5/5        EV:  7    Int:  8    God:
Gold:   136        SH:  9    Dex:  9    Spells: 4/4 levels left

rFire    . . .     SeeInvis .   d - +1 mace (holy)
rCold    . . .     Faith    .   c - +0 kite shield
rNeg     + . .     Spirit   .   b - +0 scale mail
rPois    ∞         Reflect  .   (no helmet)
rElec    +         Harm     .   e - +0 cloak
rCorr    .         Rampage  .   (no gloves)
Will     .....                  (no boots)
Stlth    ..........             (no amulet)
HPRegen  0.11/turn              (no ring)
MPRegen  0.09/turn              (no ring)

@: no status effects
A: sickness immunity, AC +4, negative energy resistance 1, electricity
resistance, torment resistance 1, petrification resistance
a: no special abilities


You were on level 3 of the Dungeon.
You visited 1 branch of the dungeon, and saw 4 of its levels.

You collected 136 gold pieces.

Inventory:

Hand Weapons
 a - a +0 flail
 d - a +1 mace of holy wrath (weapon)
 i - a +2 spear of venom
Armour
 b - a +0 scale mail (worn)
 c - a +0 kite shield (worn)
 e - a +0 cloak (worn)
Jewellery
 h - a +4 ring of evasion
 j - a ring of willpower
Wands
 k - a wand of polymorph (5)
Scrolls
 f - a scroll of fear
 l - a scroll of enchant weapon {unknown}
Potions
 g - a potion of flight


   Skills:
 + Level 3.8 Fighting
 + Level 3.4 Maces & Flails
 + Level 4.3 Armour
 + Level 0.6 Dodging
 + Level 4.7 Shields


You had 4 spell levels left.
You didn't know any spells.
Your spell library was empty.

Dungeon Overview and Level Annotations

Branches:
Dungeon (4/15)
 Temple: D:4-7

Altars:


Innate Abilities, Weirdness & Mutations

You are immune to sickness and miasma.
Your stone body is resilient. (AC +4)
You are immune to poison.
You resist negative energy. (rN+)
You are resistant to electric shocks. (rElec)
You are resistant to unholy torment.
You are immune to petrification.


Message History

You barely miss the orc.
The orc is severely wounded.
You completely miss the orc.
The orc priest calls down the wrath of Beogh upon you.
Beogh smites you! The orc hits you but does no damage.
You closely miss the orc. The orc hits you but does no damage. x2
You closely miss the orc. The orc hits you but does no damage.
You barely miss the orc. The orc barely misses you. The orc closely misses you.
Unknown command.
You hit the orc.
The orc is severely wounded.
The orc hits you but does no damage.
You hit the orc.
The orc is almost dead.
The orc hits you but does no damage.
The orc priest begins to cast a cantrip, but forgets the words!
The orc hits you but does no damage.
You sock the orc!
You kill the orc!
You barely miss the orc.
The orc is severely wounded.
You block the orc's attack. The orc barely misses you.
You sock the orc!
You kill the orc!
You block the orc's attack.
The orc priest casts a cantrip, but nothing happens.
You hit the orc.
The orc is heavily wounded.
You block the orc's attack.
You hit the orc.
You kill the orc!
The orc priest calls down the wrath of Beogh upon you.
Beogh smites you!
* * * LOW HITPOINT WARNING * * *
You block the orc priest's attack.
You hit the orc.
The orc is moderately wounded.
The orc barely misses you.
The orc priest hits you from afar with a +0 trident!
You die...

######### ##### #####
#.......# #...# #....
#.......# #...# #....
#.......# #...######...(
#......o# #...#.........
#.......# #...#.......##
#......o#####...#.......#
#.......o@......#.......#
######+######.###.......##
#####..........'.......'.
#........##....#.......##
#........##....####......
#...†....##.......#......
#....>............'......
#........###.##...#......
#.....(..# #.##...#......


You could see an orc priest and an orc.

Vanquished Creatures
  A scorpion (D:4)
  An orc priest (D:3)
  A hound skeleton (D:4)
  3 adders (D:4)
  A dart slug (D:1)
  11 orcs
  5 endoplasms
  4 giant cockroaches
  6 goblins
  3 hobgoblins
  3 jackals (D:1)
  3 kobolds (D:1)
  3 quokkas
  2 ball pythons
  2 bats (D:3)
  6 frilled lizards
  3 rats (D:1)
58 creatures vanquished.

Vanquished Creatures (others)
  24 plants (D:3)
24 creatures vanquished.

Grand Total: 82 creatures vanquished

Notes
Turn   | Place    | Note
-------+----------+-------------------------------------------
     0 | D:1      | zeram the Gargoyle Fighter began the quest for the Orb.
     0 | D:1      | Reached XP level 1. HP: 14/14 MP: 1/1
    93 | D:1      | Reached XP level 2. HP: 19/19 MP: 2/2
   197 | D:1      | Reached XP level 3. HP: 13/23 MP: 3/3
  1074 | D:3      | Reached XP level 4. HP: 27/29 MP: 4/4
  1499 | D:4      | Noticed a scorpion
  1522 | D:4      | Killed a scorpion
  1523 | D:4      | Reached XP level 5. HP: 6/33 MP: 5/5
  1948 | D:4      | Noticed a black bear
  1949 | D:4      | Noticed a yak
  2239 | D:3      | Slain by an orc priest

Illustrated notes

Levels and vault maps discovered:
D:1:      amcnicky_arrival_single_pillar, layout_rooms, minmay_indecisive_spiral
D:2:      layout_basic, chequers_ecumenical_altar_island, basic_altar,
          minmay_cupped, uniq_jessica
D:3:      layout_basic, serial_shops, shop_fountains, serial_bayou_lagoon_a,
          minmay_goblin_kobold_house
D:4:      layout_loops_ring, ebering_ghost_disaster_area, minmay_divided_ellipse

Skill      XL: |  1  2  3  4 |
---------------+-------------+-----
Shields        | 4 |  4.7
Maces & Flails | 3 |  3.4
Armour         | 4 |  4.3
Fighting       | |  3.8
Dodging        | |  0.6

Action                   |  1- 3 |  4- 6 || total
-------------------------+-------+-------++-------
Melee: Flail             |   104 |    51 ||   155
       Mace              |       |    89 ||    89
  Use: Scroll            |     3 |     2 ||     5
       Potion            |     1 |     3 ||     4
Armor: Scale mail        |    70 |   122 ||   192
Dodge: Dodged            |    30 |    68 ||    98
Block: Kite shield       |    55 |   127 ||   182
